 Dungeon Crawl Stone Soup version 0.29-a0-340-g6efceafd81 (webtiles) character file.

Game seed: 16667927271691585732

25 Cecur the Caller (level 2, -3/19 HPs)
             Began as a Demonspawn Summoner on Apr 20, 2022.
             Killed from afar by Sigmund (8 damage)
             ... with a magic dart
             ... on level 2 of the Dungeon.
             The game lasted 00:03:52 (821 turns).

Cecur the Caller (Demonspawn Summoner)               Turns: 821, Time: 00:03:53

Health: -3/19      AC:  2    Str:  8    XL:     2   Next: 86%
Magic:  2/5        EV: 12    Int: 16    God:
Gold:   22         SH:  0    Dex: 13    Spells: 4/5 levels left

rFire   . . .      SeeInvis .   (no weapon)
rCold   . . .      Faith    .   (no shield)
rNeg    . . .      Spirit   .   a - +0 robe
rPois   .          Reflect  .   (no helmet)
rElec   .          Harm     .   (no cloak)
rCorr   .          Rampage  .   (no gloves)
Will    .....                   (no boots)
Stlth   ++........              (no amulet)
HPRegen 0.06/turn               (no ring)
MPRegen 0.09/turn               (no ring)

@: no status effects
A: demonic magic 1
a: no special abilities


You were on level 2 of the Dungeon.
You visited 1 branch of the dungeon, and saw 2 of its levels.

You collected 22 gold pieces.

Inventory:

Armour
 a - a +0 robe (worn)
 g - a +2 pair of boots
Jewellery
 f - a ring of willpower
Scrolls
 c - a scroll of immolation {unknown}
 d - a scroll of identify {unknown}
 e - a scroll of teleportation {unknown}
Potions
 b - a potion of magic


   Skills:
 + Level 1.8 Dodging
 + Level 2.0 Stealth
 + Level 2.3 Spellcasting
 + Level 4.6 Summonings


You had 4 spell levels left.
You knew the following spells:

 Your Spells              Type           Power      Damage    Failure   Level
a - Summon Small Mammal   Summ           64%        N/A       3%          1

Your spell library contained the following spells:

 Spells                   Type           Power      Damage    Failure   Level
 Call Imp                 Summ           16%        N/A       4%          2
 Call Canine Familiar     Summ           16%        N/A       9%          3
 Freeze                   Ice            4%         1d3       21%         1
 Summon Guardian Golem    Hex/Summ       9%         N/A       24%         3
 Frozen Ramparts          Ice            2%         1d2       52%         3
 Summon Lightning Spire   Summ/Air       9%         N/A       61%         4
 Hailstorm                Conj/Ice       1%         3d3       89%         4


Dungeon Overview and Level Annotations

Branches:
Dungeon (2/15)

Altars:


Innate Abilities, Weirdness & Mutations

Spells you cast may paralyse adjacent enemies.


Message History

The rat misses your rat.
Your rat closely misses the rat.
Your rat bites the rat but does no damage.
The rat barely misses your rat. Something barely misses your rat.
Your rat bites the rat.
The rat dies!
Your Stealth skill increases to level 2!
A puff of flame appears from out of thin air!
The puff of flame hits your rat!
Your rat dies!
Your rat's corpse disappears in a puff of smoke!
Malevolent energies surge around you.
Your bat closely misses something.
Something hits you.
* * * LOW HITPOINT WARNING * * *
Deactivating autopickup; reactivate with Ctrl-A.
Found a scroll labelled FEOLIT ZOXE.
Your bat hits something.
Your bat closely misses something.
Your bat hits something. Something barely misses your rat.
You are too injured to fight recklessly!
Casting: Summon Small Mammal (safe; 3% risk of failure)
Confirm with . or Enter, or press ? or * to list all spells.
Malevolent energies surge around you.
Your rat disappears in a puff of smoke!
Your bat closely misses something.
Something closely misses your bat.
Your bat hits something but does no damage.
Your bat hits something. Something misses your bat.
Your bat completely misses something.
Something barely misses your bat.
Your bat hits something but does no damage.
Your bat closely misses something.
Your bat hits something but does no damage. x2
Casting: Summon Small Mammal (safe; 3% risk of failure)
Confirm with . or Enter, or press ? or * to list all spells.
Malevolent energies surge around you.
Your bat closely misses something.
Your bat hits something.
Your bat appears confused.
Your bat misses something.
Your bat barely misses something.
A magic dart appears from out of thin air!
The magic dart hits you!
You die...

#.. #.. # .. ### ###.
.. #. #.. #... #.
#$###.####.# #.
..##.##.<.# #.###
#.#.....### ####.@.##
#.#.#.### ≈≈≈≈≈≈≈≈≈r#
#......##
≈#≈≈≈≈≈#≈.###.......##
#≈###≈#≈.b#..b......#
# ≈≈#≈#{#.........#
≈≈≈≈≈#.#.........#
#######...........#
....................
#########.........##


You could see a friendly bat (summoned, confused) and a friendly rat (summoned).

Vanquished Creatures
  A frilled lizard (D:2)
1 creature vanquished.

Vanquished Creatures (collateral kills)
  2 endoplasms (D:1)
  2 goblins (D:1)
  4 hobgoblins
  2 quokkas (D:1)
  2 ball pythons
  3 bats
  A frilled lizard (D:1)
  5 kobolds (D:1)
  2 rats
23 creatures vanquished.

Grand Total: 24 creatures vanquished

Notes
Turn   | Place    | Note
-------+----------+-------------------------------------------
     0 | D:1      | Cecur the Demonspawn Summoner began the quest for the Orb.
     0 | D:1      | Reached XP level 1. HP: 13/13 MP: 3/3
    90 | D:2      | Gained mutation: Spells you cast may paralyse adjacent
                  | enemies. [demonic ancestry]
    90 | D:2      | Reached XP level 2. HP: 2/19 MP: 0/5
   821 | D:2      | Killed from afar by Sigmund

Illustrated notes

Levels and vault maps discovered:
D:1:      scummos_arrival_forest, layout_rooms, basic_ecumenical_altar,
          minmay_small_reverse_x
D:2:      layout_rooms, minmay_crystal_water, kennysheep_minor_cross,
          minmay_surrounded, uniq_terence, uniq_sigmund

Skill      XL: |  1  2 |
---------------+-------+-----
Stealth        | 2 |  2.0
Dodging        | |  1.8
Spellcasting   | |  2.3
Summonings     | |  4.6

Action                   || total
-------------------------++-------
Melee: Unarmed           ||    23
       Punch             ||     1
 Cast: Summon Small Mamm ||    29
 Stab: Paralysed         ||     4
Armor: Robe              ||    13
Dodge: Dodged            ||    50

Table legend: (Time is in decaauts)
 A = Elapsed time spent in this place.
 B = Non-inter-level travel time spent in this place.
 C = Inter-level travel time spent in this place.
 D = Time resting spent in this place.
 E = Time spent auto-exploring this place.
 F = Levels seen in this place.
 G = Mean time per level.
                   A        B        C        D        E       F      G
               +--------+--------+--------+--------+--------+-----+--------+
         Total |    821 |    821 |      0 |    276 |    338 |   2 |  410.5 |
       Dungeon |    821 |    821 |      0 |    276 |    338 |   2 |  410.5 |
               +--------+--------+--------+--------+--------+-----+--------+

Top non-repeatable levels by time:
     D:1: 434 daAuts
     D:2: 387 daAuts
